 Dungeon Crawl Stone Soup version 0.29-a0-284-gf9362112df (webtiles) character file.

Game seed: 16201296850955667995

86 horus123 the Grave Robber (level 4, -7/30 HPs)
             Began as a Demonspawn Necromancer on Mar 22, 2022.
             Mangled by an ogre
             ... wielding a +0 giant spiked club
              (23 damage)
             ... on level 3 of the Dungeon.
             The game lasted 00:04:11 (2792 turns).

horus123 the Grave Robber (Demonspawn Necromancer)  Turns: 2792, Time: 00:04:12

Health: -7/30      AC:  2    Str: 14    XL:     4   Next: 26%
Magic:  4/10       EV: 12    Int: 19    God:
Gold:   119        SH:  0    Dex: 13    Spells: 7/11 levels left

rFire   . . .      SeeInvis .   e - +3 mace (vorpal)
rCold   . . .      Faith    +   (no shield)
rNeg    . . .      Spirit   .   a - +0 robe
rPois   .          Reflect  .   (no helmet)
rElec   .          Harm     .   (no cloak)
rCorr   .          Rampage  .   (no gloves)
Will    .....                   (no boots)
Stlth   ++........              h - amulet of faith
HPRegen 0.10/turn               f - ring of wizardry
MPRegen 0.12/turn               q - +6 ring of strength

@: no status effects
A: weakness stinger 1
a: no special abilities


You were on level 3 of the Dungeon.
You visited 1 branch of the dungeon, and saw 3 of its levels.

You collected 119 gold pieces.

Inventory:

Hand Weapons
 e - a +3 vorpal mace (weapon)
Missiles
 g - 5 curare-tipped darts
Armour
 a - a +0 robe (worn)
Jewellery
 f - a ring of wizardry (left hand)
 h - an amulet of faith (around neck)
 q - a +6 ring of strength (right hand)
Wands
 k - a wand of flame (6)
Scrolls
 c - a scroll of summoning {unknown}
 i - a scroll of torment {unknown}
 j - a scroll of identify {unknown}
 l - a scroll of fog {unknown}
 m - 2 scrolls of enchant armour {unknown}
 n - 2 scrolls of teleportation {unknown}
 o - a scroll of enchant weapon {unknown}
Potions
 b - a potion of magic
 d - 2 potions of curing {unknown}
 p - a potion of berserk rage {unknown}


   Skills:
 - Level 1.7 Dodging
 - Level 1.7 Stealth
 + Level 4.2 Spellcasting
 - Level 4.3 Necromancy


You had 7 spell levels left.
You knew the following spells:

 Your Spells              Type           Power      Damage    Failure   Level
a - Pain                  Necr           80%        1d8       1%          1
b - Vampiric Draining     Necr           20%        2d7       2%          3

Your spell library contained the following spells:

 Spells                   Type           Power      Damage    Failure   Level
 Animate Skeleton         Necr           40%        N/A       1%          1
 Animate Dead             Necr           10%        N/A       9%          4
 Agony                    Necr           20%        N/A       24%         5


Dungeon Overview and Level Annotations

Branches:
Dungeon (3/15)

Altars:
Okawaru

Annotations:
D:3 Sigmund


Innate Abilities, Weirdness & Mutations

You have a small tail.


Message History

You start resting.
A jackal is nearby!
A jackal is nearby!
Found 3 scrolls labelled HUESIMOSKOU.
The jackal barks!
The jackal closely misses you. x2
You sock the jackal!
You kill the jackal!
A frilled lizard comes into view.
The frilled lizard hisses angrily.
The frilled lizard moves out of view.
You start resting.
A frilled lizard is nearby!
You are too injured to fight recklessly!
You are too injured to fight recklessly!
The ogre shouts!
You miss the frilled lizard. The frilled lizard misses you.
You completely miss the frilled lizard.
Your tail-slap misses the frilled lizard.
The frilled lizard bites you but does no damage.
You barely miss the frilled lizard. The frilled lizard misses you.
The frilled lizard closely misses you. Magic courses through your body.
The frilled lizard barely misses you.
Casting: Pain (safe; 1% risk of failure)
Confirm with . or Enter, or press ? or * to list all spells.
Aiming: Vampiric Draining (dangerous; 2% risk of failure)
Press: ? - help, Shift-Dir - straight line, f - frilled lizard
Aim: a frilled lizard You draw life force from the frilled lizard!
You kill the frilled lizard!
You feel life coursing into your body.
Casting: Vampiric Draining (dangerous; 2% risk of failure)
Confirm with . or Enter, or press ? or * to list all spells.
Aiming: Vampiric Draining (dangerous; 2% risk of failure)
Press: ? - help, Shift-Dir - straight line, f - ogre
Aim: an ogre, wielding a +0 giant spiked club You draw life force from the ogre!
You feel life coursing into your body.
The ogre hits you with a +0 giant spiked club!!
Ouch! That really hurt!
You die...

##..##.....## .>..
##.######..# ..... #.#
##.### ..... #.##
###...####...... #..#
#........#......
##.####........)......
##.............#....
##.....###.####.# ...
#..###..##@# #..# #.##
##..#O# ##.#..>.. #.##
#.#.# ...#... #..#
##.#.#####.....#. ##.#
#.......^#.#.... #.#
#........#....# .
#)####.............#..
#...##........†.......
###..#..............#


You could see an ogre.

Vanquished Creatures
  An iguana (D:3)
  2 adders (D:2)
  A worm (D:3)
  2 dart slugs
  An orc (D:2)
  3 endoplasms
  3 giant cockroaches
  5 hobgoblins
  2 jackals
  A quokka (D:1)
  A ball python (D:2)
  2 bats
  5 frilled lizards
  2 goblins
  2 kobolds
  3 rats
36 creatures vanquished.

Vanquished Creatures (others)
  12 plants (D:2)
12 creatures vanquished.

Grand Total: 48 creatures vanquished

Notes
Turn   | Place    | Note
-------+----------+-------------------------------------------
     0 | D:1      | horus123 the Demonspawn Necromancer began the quest for the
                  | Orb.
     0 | D:1      | Reached XP level 1. HP: 13/13 MP: 3/3
   767 | D:1      | Gained mutation: You have a small tail. [demonic ancestry]
   767 | D:1      | Reached XP level 2. HP: 19/19 MP: 5/5
  1409 | D:2      | Reached XP level 3. HP: 22/24 MP: 4/7
  1441 | D:2      | Learned a level 3 spell: Vampiric Draining
  2057 | D:3      | Noticed an ogre
  2057 | D:3      | Found a faded altar of an unknown god.
  2285 | D:3      | Noticed Sigmund
  2607 | D:3      | Found an iron altar of Okawaru.
  2769 | D:3      | Reached XP level 4. HP: 9/30 MP: 0/10
  2792 | D:3      | Mangled by an ogre

Illustrated notes

Levels and vault maps discovered:
D:1:      giann_horns, layout_basic
D:2:      layout_basic, kennysheep_boxes
D:3:      layout_rooms, okawaru_metal_pillars_3, basic_ecumenical_altar,
          uniq_sigmund

Skill      XL: |  1  2  3 |
---------------+----------+-----
Spellcasting   | 3 4 |  4.2
Dodging        | |  1.7
Stealth        | |  1.7
Necromancy     | |  4.3

Action                   |  1- 3 |  4- 6 || total
-------------------------+-------+-------++-------
Melee: Mace              |    46 |     4 ||    50
       Tailslap          |     5 |       ||     5
 Cast: Pain              |    25 |       ||    25
       Vampiric Draining |     2 |     2 ||     4
  Use: Potion            |       |     1 ||     1
 Stab: Sleeping          |     4 |       ||     4
Armor: Robe              |    14 |     1 ||    15
Dodge: Dodged            |    38 |     6 ||    44

Table legend: (Time is in decaauts)
 A = Elapsed time spent in this place.
 B = Non-inter-level travel time spent in this place.
 C = Inter-level travel time spent in this place.
 D = Time resting spent in this place.
 E = Time spent auto-exploring this place.
 F = Levels seen in this place.
 G = Mean time per level.
                   A        B        C        D        E       F      G
               +--------+--------+--------+--------+--------+-----+--------+
         Total |   2813 |   2765 |     48 |    777 |   1473 |   3 |  937.7 |
       Dungeon |   2813 |   2765 |     48 |    777 |   1473 |   3 |  937.7 |
               +--------+--------+--------+--------+--------+-----+--------+

Top non-repeatable levels by time:
     D:2: 1480 daAuts
     D:1: 1109 daAuts
     D:3: 223 daAuts
